 Dungeon Crawl Stone Soup version 0.28-a0-48-gfd831c5874 (webtiles) character file.

Game seed: 3999653676851868774

30 Spectrina the Sneak (level 3, -3/22 HPs)
             Began as a Deep Elf Delver on July 29, 2021.
             Slain by a sky beast (5 damage)
             ... on level 5 of the Dungeon.
             The game lasted 00:00:31 (75 turns).

Spectrina the Sneak (Deep Elf Delver)                 Turns: 75, Time: 00:00:32

Health: -3/22      AC:  3    Str:  9    XL:     3   Next: 5%
Magic:  5/5        EV: 12    Int: 15    God:
Gold:   25         SH:  0    Dex: 16    Spells: 2/2 levels left

rFire   . . .      SeeInvis .   a - +0 short sword
rCold   . . .      Faith    .   (no shield)
rNeg    . . .      Spirit   .   b - +0 leather armour
rPois   .          Reflect  .   (no helmet)
rElec   .          Harm     .   (no cloak)
rCorr   .          Rampage  .   (no gloves)
Will    .....                   (no boots)
Stlth   +++.......              (no amulet)
HPRegen 0.07/turn               (no ring)
MPRegen 0.09/turn               (no ring)

@: no status effects
A: no striking features
a: no special abilities


You were on level 5 of the Dungeon.
You visited 1 branch of the dungeon, and saw 1 of its levels.

You collected 25 gold pieces.

Inventory:

Hand Weapons
 a - a +0 short sword (weapon)
 j - a +0 flail
Missiles
 h - 19 sling bullets
Armour
 b - a +0 leather armour (worn)
Wands
 g - a wand of digging (3)
Scrolls
 c - a scroll of fog
 d - a scroll of magic mapping
 e - a scroll of fear
Potions
 f - a potion of haste
 i - a potion of might {unknown}


   Skills:
 - Level 2.4 Fighting
 - Level 2.0 Short Blades
 - Level 2.4 Dodging
 + Level 7.2 Stealth


You had 2 spell levels left.
You didn't know any spells.
Your spell library was empty.

Dungeon Overview and Level Annotations

Branches:
Dungeon (5/15)
 Temple: D:4-7

Altars:


Message History

* * * LOW HITPOINT WARNING * * *
You feel sick.
* * * LOW HITPOINT WARNING * * *
You feel sick.
You are no longer poisoned.
Found a mace.
You now have 11 gold pieces.
Found a spear.
Found 14 gold pieces.
Found 19 sling bullets.
Found a stone staircase leading down.
Found a plate armour and an inky potion.
You now have 25 gold pieces (gained 14).
You see here 19 sling bullets.
h - 19 sling bullets
i - an inky potion
Found 26 arrows. 2 gnolls come into view.
Found 2 brown potions and 8 atropa-tipped darts.
The helpless gnoll fails to defend itself.
You puncture the gnoll!
You kill the gnoll!
Your Stealth skill increases to level 7!
Unknown command.
Things that are here:
a +0 flail; a gnoll corpse Unknown command.
The helpless gnoll fails to defend itself.
You impale the gnoll!!
You kill the gnoll!
You have reached level 3!
Your experience leads to an increase in your attributes!
Increase (S)trength, (I)ntelligence, or (D)exterity?
You feel clever.
j - a +0 flail You see here a +0 spear.
A sky beast and an orc wizard come into view.
The orc wizard shouts!
You hear an angry hiss.
The sky beast hits you.
* * * LOW HITPOINT WARNING * * *
The sky beast shocks you.
You die...

..........##
.........## .#
.#####...# ##.
# .# #...###..
#..## ##
##..##..#
#.#.. #
#..##.#.#
#.#.# #
#..##.##o#(#.#
#
#.....###(#(#
# #..#..##.#@#
##
#..#..#.#)#Y#
.#
#..#...#†###.#
.# ...###..##
#.. .# #...#
##.......##
.## ...##
######### .[#
.... .#.. ....


You could see a sky beast and an orc wizard.

Vanquished Creatures
  2 gnolls (D:5)
  An adder (D:5)
3 creatures vanquished.

Notes
Turn   | Place    | Note
-------+----------+-------------------------------------------
     0 | D:5      | Spectrina the Deep Elf Delver began the quest for the Orb.
     0 | D:5      | Reached XP level 1. HP: 13/13 MP: 3/3
    20 | D:5      | Reached XP level 2. HP: 5/18 MP: 4/4
    71 | D:5      | Reached skill level 7 in Stealth
    73 | D:5      | Reached XP level 3. HP: 5/22 MP: 5/5
    75 | D:5      | Noticed a sky beast
    75 | D:5      | Slain by a sky beast

Illustrated notes

Levels and vault maps discovered:
D:5:      layout_layer_cave, serial_shops, nicolae_shop_waterfront,
          minmay_circle_x, uniq_sigmund

Skill      XL: |  1  2 |
---------------+-------+-----
Stealth        | 7 |  7.2
Fighting       | |  2.4
Short Blades   | |  2.0
Dodging        | |  2.4

Action                   || total
-------------------------++-------
Melee: Short sword       ||    12
  Use: Potion            ||     1
 Stab: Sleeping          ||     2
Armor: Leather armour    ||     2
Dodge: Dodged            ||     6

Table legend: (Time is in decaauts)
 A = Elapsed time spent in this place.
 B = Non-inter-level travel time spent in this place.
 C = Inter-level travel time spent in this place.
 D = Time resting spent in this place.
 E = Time spent auto-exploring this place.
 F = Levels seen in this place.
 G = Mean time per level.
                   A        B        C        D        E       F      G
               +--------+--------+--------+--------+--------+-----+--------+
         Total |     75 |     75 |      0 |      0 |      0 |   1 |   75.0 |
       Dungeon |     75 |     75 |      0 |      0 |      0 |   1 |   75.0 |
               +--------+--------+--------+--------+--------+-----+--------+

Top non-repeatable levels by time:
     D:5: 75 daAuts
